 Dungeon Crawl Stone Soup version 0.29.0-11-gd7f09526c8 (webtiles) character file.

Game seed: 7651638928264464305

266 gelatine the Chopper (level 6, -4/46 HPs)
             Began as a Demonspawn Gladiator on Sept 3, 2022.
             Was a Follower of Yredelemnul.
             Killed from afar by a steam dragon (13 damage)
             ... with a ball of steam
             ... on level 4 of the Dungeon.
             The game lasted 00:09:06 (2636 turns).

gelatine the Chopper (Demonspawn Gladiator)         Turns: 2636, Time: 00:09:06

Health: -4/46      AC: 22    Str: 16    XL:     6   Next: 0%
Magic:  7/7        EV: 11    Int: 10    God:    Yredelemnul [*.....]
Gold:   215        SH:  0    Dex: 16    Spells: 5/5 levels left

rFire   . . .      SeeInvis .   a - +0 war axe
rCold   + . .      Faith    .   (no shield)
rNeg    . . .      Spirit   .   s - +7 Kryia's mail coat {PotionHeal*2 rC+}
rPois   .          Reflect  .   c - +0 helmet
rElec   .          Harm     .   (no cloak)
rCorr   +          Rampage  .   (no gloves)
Will    .....                   k - +0 pair of boots
Stlth   ..........              (no amulet)
HPRegen 0.15/turn               w - ring of Nesailu {rCorr AC+4 Dex+2}
MPRegen 0.10/turn               (no ring)

@: no status effects
A: icy blue scales 2, powered by pain 2
a: Renounce Religion, Recall Undead Harvest


You were on level 4 of the Dungeon.
You worshipped Yredelemnul.
Yredelemnul was noncommittal.
You visited 1 branch of the dungeon, and saw 4 of its levels.
You also visited: Sewer.

You collected 215 gold pieces.

Inventory:

Hand Weapons
 a - a +0 war axe (weapon)
Missiles
 d - 3 throwing nets (quivered)
 e - a javelin
Armour
 c - a +0 helmet (worn)
 k - a +0 pair of boots (worn)
 s - the +7 Kryia's mail coat (worn) {PotionHeal*2 rC+}
   (You found it on level 2 of the Dungeon)

   Potions are twice as effective at healing its wearer.
   rC:        It protects you from cold.
Jewellery
 f - an amulet of faith
 w - the ring of Nesailu (left hand) {rCorr AC+4 Dex+2}
   (You found it in a sewer)

   [ring of protection]

   AC:        It affects your AC (+4).
   Dex:       It affects your dexterity (+2).
   rCorr:     It protects you from acid and corrosion.
Wands
 v - a wand of digging (4)
Scrolls
 g - a scroll of teleportation
 h - a scroll of vulnerability {unknown}
 l - a scroll of enchant armour
 m - 2 scrolls of blinking
 q - a scroll of torment
 t - a scroll of immolation {unknown}
 y - a scroll of fog
 A - a scroll of enchant weapon {unknown}
Potions
 b - 2 potions of lignification
 i - a potion of heal wounds
 j - a potion of brilliance {unknown}
 n - 3 potions of haste {unknown}
 o - 2 potions of curing {unknown}
 p - a potion of resistance {unknown}
 r - a potion of degeneration
 u - a potion of cancellation {unknown}
 x - a potion of ambrosia {unknown}
 z - a potion of berserk rage {unknown}


   Skills:
 * Level 2.6 Fighting
 * Level 4.5 Axes
 + Level 2.0 Throwing
 * Level 1.6 Armour
 * Level 3.7 Dodging
 * Level 1.6 Invocations


You had 5 spell levels left.
You didn't know any spells.
Your spell library contained the following spells:

 Spells                   Type           Power      Damage    Failure   Level
 Scorch                   Fire           0%         2d5       91%         2
 Flame Wave               Conj/Fire      0%         2d4       100%        4
 Summon Cactus Giant      Summ           0%         N/A       100%        6


Dungeon Overview and Level Annotations

Branches:
Dungeon (4/15)              Sewer (visited)
 Temple: D:4-7

Altars:
Yredelemnul


Innate Abilities, Weirdness & Mutations

You are mostly covered in icy blue scales. (AC +3)
You sometimes gain power by taking damage.


Message History

The steam dragon barely misses you.
You hit the steam dragon.
The steam dragon is heavily wounded.
Your adder zombie is engulfed in a cloud of scalding steam.
Your adder zombie bites the steam dragon.
The steam dragon barely misses your adder zombie.
The steam dragon claws your adder zombie.
You catch the helpless steam dragon completely off-guard!
You hit the steam dragon but do no damage.
The steam dragon is severely wounded.
Your adder zombie bites the steam dragon.
The steam dragon bites you but does no damage.
The steam dragon barely misses you.
Your adder zombie bites the steam dragon but does no damage.
Your orc zombie hits the steam dragon but does no damage.
The steam dragon bites you but does no damage.
The steam dragon claws you but does no damage.
You slash the steam dragon!
The steam dragon is almost dead.
Your adder zombie bites the steam dragon but does no damage.
Your orc zombie hits the steam dragon but does no damage.
The steam dragon barely misses your adder zombie. x2
You closely miss the steam dragon.
The steam dragon is almost dead.
Your adder zombie bites the steam dragon.
The steam dragon breathes steam at you. The ball of steam hits you.
* * * LOW HITPOINT WARNING * * *
Your orc zombie closely misses the steam dragon.
Your adder zombie bites the steam dragon.
You hear an angry hiss.
The steam dragon misses you. The steam dragon barely misses you.
Your orc zombie barely misses the steam dragon.
Your adder zombie barely misses the steam dragon.
You completely miss the steam dragon.
The steam dragon is almost dead.
The steam dragon breathes steam at you. The ball of steam hits you!
You die...
Your body rises from the dead as a mindless zombie.

##.#######.#.#....##.#
.♣.♣..ZZ...#.#....##.#
))Z#.####### #.....Z.#
)..Z......##.#...#####
##........##...)Z#
#........##♣♣.#Z#
#........# ♣.♣Z##
####.♣♣♣.## .P♣ZZ#
.....♣ ♣.♣ .P♣♣@D#
#####♣ ♣♣P.♣♣.§§#
.....♣ ♣..♣..§§#
.....♣♣ ♣..§§§ ......♣
♣♣♣♣§.. ......# ♣♣#.#
......# .# ......# .#
......# #


You could see a steam dragon (catching breath, ally target), a friendly adder
zombie and 4 friendly orc zombies.

Vanquished Creatures
  A bullfrog (Sewer)
  6 adders
  2 dart slugs
  13 orcs
  14 endoplasms
  6 giant cockroaches
  4 hobgoblins
  5 kobolds
  6 quokkas
  10 ball pythons
  5 bats
  3 frilled lizards
  4 goblins
  3 rats
82 creatures vanquished.

Vanquished Creatures (collateral kills)
  3 adders
  A bat (D:3)
  2 endoplasms (Sewer)
  4 giant cockroaches (Sewer)
  4 quokkas
  3 ball pythons (Sewer)
  6 frilled lizards (Sewer)
23 creatures vanquished.

Vanquished Creatures (others)
  A bat zombie (D:3)
  2 ball python zombies (Sewer)
  2 orc zombies (D:4)
  A quokka zombie (D:4)
6 creatures vanquished.

Grand Total: 111 creatures vanquished

Notes
Turn   | Place    | Note
-------+----------+-------------------------------------------
     0 | D:1      | gelatine the Demonspawn Gladiator began the quest for the
                  | Orb.
     0 | D:1      | Reached XP level 1. HP: 16/16 MP: 1/1
   329 | D:1      | Gained mutation: You are partially covered in icy blue
                  | scales. (AC +2) [demonic ancestry]
   329 | D:1      | Reached XP level 2. HP: 20/22 MP: 2/2
   549 | D:1      | Found a faded altar of an unknown god.
   557 | D:1      | Prayed at the altar of an unknown god.
   557 | D:1      | Became a worshipper of Yredelemnul the Dark
   557 | D:1      | Reached * piety under Yredelemnul
   641 | D:2      | Reached skill level 3 in Axes
  1122 | D:2      | Found the +7 Kryia's mail coat {PotionHeal*2 rC+}
  1270 | D:2      | Gained mutation: You are mostly covered in icy blue scales.
                  | (AC +3) [demonic ancestry]
  1270 | D:2      | Reached XP level 3. HP: 24/27 MP: 3/3
  1790 | D:3      | Reached skill level 1 in Armour
  1908 | D:3      | Gained mutation: You sometimes gain a little power by
                  | taking damage. [demonic ancestry]
  1908 | D:3      | Reached XP level 4. HP: 33/33 MP: 4/4
  1935 | D:3      | Found a glowing drain.
  1970 | Sewer    | Entered a sewer
  2070 | Sewer    | Reached skill level 1 in Invocations
  2113 | Sewer    | Reached ** piety under Yredelemnul
  2128 | Sewer    | Reached XP level 5. HP: 38/39 MP: 5/5
  2180 | Sewer    | Reached *** piety under Yredelemnul
  2189 | Sewer    | Identified the ring of Nesailu {rCorr AC+4 Dex+2}
  2193 | Sewer    | Reached skill level 4 in Axes
  2617 | D:4      | Noticed a steam dragon
  2620 | D:4      | Gained mutation: You sometimes gain power by taking damage.
                  | [demonic ancestry]
  2620 | D:4      | Reached XP level 6. HP: 46/46 MP: 7/7
  2636 | D:4      | Killed from afar by a steam dragon

Illustrated notes

Levels and vault maps discovered:
D:1:      tarquinn_simple_flora_water_f, layout_rooms,
          shapermc_ecumenical_altar_venn
D:2:      layout_basic, minmay_misc_feat_chi
D:3:      layout_rooms, gup_sewer_entry_glass
D:4:      layout_basic, serial_forest, infiniplex_forest_clump_tiny,
          infiniplex_forest_zigzag_2, infiniplex_forest_lined_3,
          infiniplex_forest_clump_tiny, infiniplex_forest_end_2,
          infiniplex_forest_straight_3, infiniplex_forest_split,
          kennysheep_generic_room_12

Skill      XL: |  1  2  3  4  5 |
---------------+----------------+-----
Dodging        | 3 |  3.7
Axes           | 3 4 |  4.5
Throwing       | 2 |  2.0
Armour         | 1 |  1.6
Invocations    | 1 |  1.6
Fighting       | |  2.6

Action                   |  1- 3 |  4- 6 || total
-------------------------+-------+-------++-------
Melee: War axe           |   101 |   170 ||   271
  Use: Scroll            |     8 |       ||     8
 Stab: Distracted        |       |     1 ||     1
Armor: Leather armour    |    14 |       ||    14
       Scale mail        |    35 |   145 ||   180
       Ring mail         |    15 |       ||    15
Dodge: Dodged            |    81 |   111 ||   192
